 Dungeon Crawl Stone Soup version 0.31.0-7-gf635a9b802 (webtiles) character file.

Game seed: 5620006830368137770

25 Adrian566 the Ducker (level 2, 0/23 HPs)
             Began as a Demonspawn Gladiator on Jan 23, 2024.
             Slain by Natasha (8 damage)
             ... on level 2 of the Dungeon.
             The game lasted 00:00:36 (726 turns).

Adrian566 the Ducker (Demonspawn Gladiator)          Turns: 726, Time: 00:00:37

Health: 0/23       AC:  4    Str: 14    XL:     2   Next: 86%
Magic:  2/2        EV: 12    Int:  8    God:
Gold:   34         SH:  0    Dex: 14    Spells: 1/1 levels left

rFire   + . .        a - +0 long sword
rCold   + . .        (no shield)
rNeg    . . .        b - +0 leather armour
rPois   +            c - +0 helmet
rElec   +            (no cloak)
rCorr   +            (no gloves)
SInv    .            (no boots)
Will    .....        (no amulet)
Stlth   +            (no ring)
HPRegen 0.23/turn    (no ring)
MPRegen 0.08/turn

%: no passive effects
@: resistant
A: ignite blood 1
a: no special abilities


You were on level 2 of the Dungeon.
You visited 1 branch of the dungeon, and saw 2 of its levels.

You collected 34 gold pieces.

Inventory:

Hand Weapons
 a - a +0 long sword (weapon)
Missiles
 d - 3 throwing nets (quivered)
 e - a javelin
Armour
 b - a +0 leather armour (worn)
 c - a +0 helmet (worn)
Scrolls
 f - a scroll of enchant weapon {unknown}
 i - a scroll of fear {unknown}
 k - a scroll of identify {unknown}


   Skills:
 + Level 2.3 Fighting
 + Level 2.8 Long Blades
 + Level 2.1 Throwing
 + Level 0.1 Armour
 * Level 3.1 Dodging
 + Level 0.2 Stealth


You had one spell level left.
You didn't know any spells.
Your spell library contained the following spells:

 Spells                   Type           Power      Damage    Failure   Level
 Animate Dead             Necr           0%         N/A       99%         4
 Borgnjor's Vile Clutch   Necr/Erth      0%         N/A       100%        5
 Death Channel            Necr           0%         N/A       100%        6
 Haunt                    Necr/Summ      0%         N/A       100%        7
 Borgnjor's Revivificati  Necr           0%         N/A       100%        8
 Death's Door             Necr           0%         N/A       100%        9


Dungeon Overview and Level Annotations

Branches:
Dungeon (2/15)

Altars:

Annotations:
D:2 Natasha


Innate Abilities, Weirdness & Mutations

Your demonic aura sometimes causes spilled blood to erupt in flames.


Message History

k - a scroll labelled PAROFU SOBAWY Done exploring.
Done exploring.
Done exploring.
Done exploring.
No target in view!
You are caught in the web!
There is a web here.
You disentangle yourself.
You see here 6 stones.
There is an open door here.
There is an open door here.
There is an escape hatch in the floor here.
You slide downwards.
The hatch slams shut behind you.
Natasha is nearby!
Natasha is nearby!
Natasha hisses angrily.
Natasha stares at you and mumbles some strange words.
The magic dart hits you.
You barely miss Natasha.
Natasha zaps a wand.
The puff of flame hits you!
You are too injured to fight recklessly!
It was a potion of curing.
You feel better. Natasha closely misses you.
You barely miss Natasha.
Natasha stares at you and mumbles some strange words.
The magic dart hits you!
You hit Natasha.
Natasha is moderately wounded.
Natasha zaps a wand.
The puff of flame hits you!
Natasha stares at you and mumbles some strange words.
You feel yourself slow down.
It was a potion of cancellation.
Your magical effects are unravelling.
You feel magically purged.
You feel yourself speed up. Natasha claws you but does no damage.
It was a potion of resistance.
You feel protected. Natasha claws you!
You die...
Natasha curls up and begins to purr.

#### #.. #h#
#@# #.# #.#
..........#
.##.#........
.....###.##
#.....# #
####..# #...


You could see Natasha.

Vanquished Creatures
  A dart slug (D:1)
  A ball python (D:1)
  An endoplasm (D:1)
  3 giant cockroaches (D:1)
  A goblin (D:1)
  A hobgoblin (D:1)
  4 jackals (D:1)
  2 quokkas (D:1)
  A bat (D:1)
  6 rats (D:1)
21 creatures vanquished.

Notes
Turn   | Place    | Note
-------+----------+-------------------------------------------
     0 | D:1      | Adrian566 the Demonspawn Gladiator began the quest for the
                  | Orb.
     0 | D:1      | Reached XP level 1. HP: 16/16 MP: 1/1
   182 | D:1      | Gained mutation: Your demonic aura sometimes causes spilled
                  | blood to erupt in flames. [demonic ancestry]
   182 | D:1      | Reached XP level 2. HP: 23/23 MP: 2/2
   349 | D:1      | Reached skill level 3 in Dodging
   617 | D:1      | Found a faded altar of an unknown god.
   718 | D:2      | Noticed Natasha
   726 | D:2      | Slain by Natasha

Illustrated notes

Levels and vault maps discovered:
D:1:      dpeg_arrival_ratfight, layout_basic, ebering_ecumenical_altar_webs
D:2:      layout_loops_cross, minmay_distorted, uniq_natasha

Skill      XL: |  1  2 |
---------------+-------+-----
Throwing       | 2 |  2.1
Dodging        | 3 |  3.1
Fighting       | |  2.3
Long Blades    | |  2.8
Armour         | |  0.1
Stealth        | |  0.2

Action                     || total
---------------------------++-------
  Melee: Long sword        ||    67
         Punch             ||     1
    Use: Potion            ||     3
   Stab: Sleeping          ||     1
 Armour: Leather armour    ||    43
  Dodge: Dodged            ||    60
